AoeStats
← rascal33

Black Forest

509687672Analyzed
3v3 RM · 3d ago on Sep 27, 2026· 45m 42s· 6 players
Game mode
Random Map
Map size
Normal (6 player)
Population
200
Speed
Normal
Resources
Standard
Victory
Conquest
Starting age
Dark Age
Ending age
Imperial Age
RankedLock teamsTeams togetherTeam positionsShared explorationLock speedFull tech treeHidden civsTurbo modeCheats
Victory
Defeat
🇹🇷 Goths · Türkiye
1003
+15
🇹🇷 Burgundians · Türkiye
958
+17
🇹🇷 Koreans · Türkiye
952
+18
🇨🇿 Gurjaras · Czechia
1032
-19
🇨🇿 Vietnamese · Czechia
978
-16
🇨🇿 Khmer · Czechia
953
-15
Captain Tsubasa
10:56 Feudal Age
10:36 Double-Bit Axe
10:36 Horse Collar
18:31 Castle Age
17:19 Forging
18:41 Stone Mining
18:41 Gold Mining
19:29 Scale Mail Armor
20:02 Heavy Plow
21:23 Bow Saw
23:45 Crop Rotation
23:54 Gold Shaft Mining
24:06 Scale Barding Armor
25:21 Iron Casting
29:14 Gold Shaft Mining
29:44 Two-Man Saw
29:22 Crop Rotation
29:31 Wheelbarrow
28:45 Town Watch
33:56 Imperial Age
32:40 Chain Barding Armor
34:25 Hand Cart
34:11 Town Patrol
33:56 Loom
35:29 Conscription
35:51 Elite Coustillier
38:08 Chemistry
37:29 Ballistics
38:59 Burgundian Vineyards
42:13 Plate Barding Armor
42:38 Blast Furnace
44:51 Blast Furnace
Hz.Night's King
2:57 Loom
12:24 Feudal Age
24:43 Castle Age
22:32 Double-Bit Axe
23:28 Horse Collar
23:42 Gold Mining
25:17 Crossbowman
27:52 Gold Shaft Mining
27:33 Bow Saw
29:39 Thumb Ring
29:37 Fletching
30:34 Ballistics
30:25 Stone Mining
31:59 Bodkin Arrow
33:58 Elite Skirmisher
37:44 Imperial Age
37:52 Wheelbarrow
37:50 Heavy Rocket Cart
37:56 Arbalester
39:46 Chemistry
38:59 Bracer
39:27 Hand Cart
40:25 Pikeman
43:49 Elite Skirmisher
Bossom the Great
0:33 Loom
11:46 Feudal Age
17:38 Castle Age
16:02 Double-Bit Axe
16:48 Horse Collar
21:15 Heavy Plow
27:19 Anarchy
28:24 Gold Mining
28:56 Bow Saw
29:26 Scale Mail Armor
29:37 Forging
34:27 Imperial Age
33:06 Chain Mail Armor
33:29 Iron Casting
33:52 Wheelbarrow
35:37 Conscription
35:33 Perfusion
36:47 Chemistry
36:59 Two-Man Saw
35:39 Pikeman
36:20 Squires
36:23 Halberdier
37:24 Capped Ram
38:37 Onager
42:38 Man-at-Arms
42:52 Long Swordsman
44:42 Blast Furnace
43:06 Two-Handed Swordsman
43:37 Champion
rascal33
1:15 Loom
13:35 Feudal Age
17:20 Double-Bit Axe
19:58 Castle Age
18:34 Horse Collar
20:57 Wheelbarrow
21:14 Crossbowman
27:40 Fletching
28:16 Heavy Plow
34:16 Imperial Age
32:33 Bow Saw
33:56 Hand Cart
34:21 Thumb Ring
33:52 Pikeman
34:33 Squires
34:01 Man-at-Arms
36:09 Chemistry
34:40 Long Swordsman
35:28 Gold Mining
35:28 Stone Mining
37:15 Two-Handed Swordsman
40:00 Elite Rattan Archer
40:39 Champion
43:37 Forging
43:28 Scale Mail Armor
43:23 Bodkin Arrow
43:28 Padded Archer Armor
46:27 Iron Casting
46:07 Chain Mail Armor
45:53 Bracer
lukasspac
0:31 Loom
13:08 Feudal Age
15:51 Castle Age
13:41 Double-Bit Axe
14:32 Stone Mining
17:29 Stone Shaft Mining
22:47 Fletching
23:22 Horse Collar
24:34 Wheelbarrow
25:12 Bow Saw
25:21 Gold Mining
27:14 Heavy Plow
27:17 Caravan
31:34 Imperial Age
30:16 Gold Shaft Mining
29:46 Bodkin Arrow
30:50 Husbandry
31:01 Bloodlines
30:58 Town Watch
31:40 Hand Cart
33:23 Crop Rotation
32:16 Light Cavalry
33:07 Scale Barding Armor
33:13 Forging
34:19 Conscription
34:18 Town Patrol
36:01 Iron Casting
36:46 Chemistry
36:07 Ballistics
35:36 Hussar
38:38 Siege Engineers
40:37 Double Crossbow
JohnyMcTeddy
1:27 Loom
13:27 Feudal Age
14:55 Double-Bit Axe
19:27 Castle Age
17:31 Horse Collar
19:28 Wheelbarrow
21:52 Bow Saw
23:56 Hand Cart
24:04 Hand Cart
24:36 Forging
24:38 Heavy Plow
26:31 Kshatriyas
28:38 Gold Mining
33:10 Imperial Age
31:51 Iron Casting
31:46 Scale Mail Armor
33:07 Scale Barding Armor
33:09 Treadmill Crane
33:12 Elite Chakram Thrower
34:13 Conscription
35:23 Gold Shaft Mining
35:32 Siege Elephant
36:44 Chain Barding Armor
36:42 Chain Mail Armor
36:49 Heavy Camel Rider
38:21 Plate Barding Armor
39:01 Plate Mail Armor
39:00 Arson
43:27 Caravan
43:22 Light Cavalry
Connection lost

Rejoining the realm…

Still unreachable

The connection could not be restored.

Session expired

The server has moved on; the page needs a fresh start.